 Dungeon Crawl Stone Soup version 0.32-a0-468-g38b2580584 (webtiles) character file.

Game seed: 8688197335995844094

10272 gimp the Martial Artist (level 11, 0/60 HPs)
             Began as a Vine Stalker Shapeshifter on Feb 24, 2024.
             Was an Initiate of Ru.
             Slain by a gnoll bouda
             ... wielding a +0 spear
              (2 damage)
             ... in a bailey.
             The game lasted 00:15:37 (8468 turns).

gimp the Martial Artist (Vine Stalker Shapeshifter) Turns: 8468, Time: 00:15:37

Health: 0/60       AC:  6    Str: 17    XL:     11   Next: 59%
Magic:  0/12       EV: 16    Int: 10    God:    Ru [......]
Gold:   677        SH:  0    Dex: 18    Spells: 10/10 levels left

rFire   . .          .
                       - Unarmed
rCold   + . .        (no shield)
rNeg    . . .        b - +3 leather armour {rC+}
rPois   .            (helmet currently unavailable)
rElec   .            u - melded +2 cloak {Will+}
rCorr   .            (gloves currently unavailable)
SInv    +            D - melded +0 pair of boots
Will    +....        f - amulet of regeneration
Stlth   +            g - ring of see invisible
HPRegen 1.90/turn    (no ring)
MPRegen 0.13/turn

%: guardian spirit
@: beast-form
A: beast (slay +4), fangs 3, regeneration 1, screaming 1, magic shield,
antimagic bite, no potion heal 2
a: Begin Untransformation, Renounce Religion


You were in a bailey.
You worshipped Ru.
Ru was noncommittal.
You were a hulking beast.
You visited 2 branches of the dungeon, and saw 11 of its levels.
You also visited: Bailey.

You collected 733 gold pieces.
You spent 56 gold pieces at shops.

Inventory:

Missiles
 s - 5 throwing nets (quivered)
Armour
 b - a +3 leather armour of cold resistance (worn)
 u - a +2 cloak of willpower (melded)
 z - a +1 helmet
 D - a +0 pair of boots (melded)
Jewellery
 f - an amulet of regeneration (around neck)
 g - a ring of see invisible (left hand)
 B - an amulet of reflection
Talismans
 c - a beast talisman (active)
 d - a flux talisman
Wands
 i - a wand of flame (17)
 n - a wand of digging (3)
 y - a wand of quicksilver (12)
Scrolls
 a - a scroll of immolation {unknown}
 k - a scroll of enchant armour
 v - a scroll of teleportation
 x - a scroll of acquirement {unknown}
 E - a scroll of torment {unknown}
 F - 2 scrolls of fog
Potions
 e - 2 potions of mutation
 h - 3 potions of attraction
 j - a potion of enlightenment
 m - 4 potions of curing
 o - 2 potions of invisibility
 p - 2 potions of haste
 q - 2 potions of magic
 r - 2 potions of might
 w - 3 potions of berserk rage
 C - a potion of lignification


   Skills:
 + Level 8.3 Fighting
 + Level 7.8 Dodging
 + Level 9.6 Unarmed Combat
 + Level 8.9 Shapeshifting


You had 10 spell levels left.
You didn't know any spells.
Your spell library contained the following spells:

 Spells                   Type           Power      Damage    Failure   Level
 Kiss of Death            Conj/Necr      0%         2d5       43%         1
 Necrotise                Necr           0%         1d4       43%         1
 Slow                     Hex            0%         N/A       43%         1
 Ensorcelled Hibernation  Hex/Ice        0%         N/A       56%         2
 Confusing Touch          Hex            0%         N/A       80%         3
 Sigil of Binding         Hex            0%         N/A       80%         3
 Tukima's Dance           Hex            0%         N/A       80%         3
 Vampiric Draining        Necr           0%         2d6       80%         3
 Dispel Undead            Necr           0%         3d6       99%         4
 Martyr's Knell           Necr/Summ      0%         N/A       99%         4
 Olgreb's Toxic Radiance  Alch           0%         N/A       99%         4
 Passage of Golubria      Tloc           0%         N/A       99%         4
 Curse of Agony           Necr           0%         N/A       100%        5
 Yara's Violent Unravell  Hex/Alch       0%         3d3       100%        5
 Ozocubu's Refrigeration  Ice            0%         4d7       100%        7
 Discord                  Hex            0%         N/A       100%        8
 Polar Vortex             Ice            0%         N/A       100%        9


Dungeon Overview and Level Annotations

Branches:
Dungeon (10/15)            Temple (1/1) D:4            Lair (0/5) D:10
 Bailey (1/1)
    Orc: D:9-12

Altars:
Ashenzari
Cheibriados
Dithmenos
Elyvilon
Fedhas
Gozag
Hepliaklqana
Kikubaaqudgha
Makhleb
Nemelex Xobeh
Okawaru
Qazlal
Ru
Sif Muna
Trog
Uskayaw
Vehumet
Wu Jian
Xom
Yredelemnul
Zin
The Shining One

Shops:
D:6 :   D:7 (*


Innate Abilities, Weirdness & Mutations

You are a hulking beast.
Your limbs bulge with bestial killing power. (Slay +4)
You have razor-sharp teeth.
Your natural rate of healing is unusually fast.
You occasionally shout uncontrollably at your foes.
When hurt, damage is shared between your health and your magic reserves.
Your bite disrupts and absorbs the magic of your enemies.
Potions cannot restore your health.


Message History

No target in range!
No target in range!
A gnoll bouda and 2 wolves come into view.
The gnoll bouda shouts!
The wolf howls! x2
The gnoll bouda gazes fiercely through you!
You feel your attacks grow feeble. The gnoll bouda misses you.
There is an open door, spattered with blood here.
Things that are here:
a +0 halberd; a +0 chain mail You regained 2 hp, and now have 49/60 hp.
You barely miss the wolf. You bite the wolf. You drain its power.
The wolf is moderately wounded.
A gnoll sergeant comes into view. It is wielding a +0 glaive.
The gnoll bouda barely misses you. The wolf barely misses you.
You regained 2 hp, and now have 51/60 hp.
The gnoll sergeant shouts!
You punch the wolf! Your bite misses the wolf.
The wolf is heavily wounded.
The wolf bites you.
The gnoll bouda barks out a call to the hunt!
The gnoll sergeant picks up the pace!
The gnoll bouda closely misses you.
You take 1 damage, and have 50/60 hp.
You barely miss the wolf. You bite the wolf! You drain its power.
The wolf is almost dead.
The wolf closely misses you. The wolf completely misses you.
The wolf misses you.
A gnoll sergeant comes into view.
It is wielding the +6 long sword of Feral Trial by Ordeal {venom, rF+ Stlth+}.
The gnoll bouda closely misses you.
You regained 2 hp, and now have 52/60 hp.
You punch the gnoll bouda! You bite the gnoll bouda. You drain its power.
The gnoll bouda is severely wounded.
The wolf barely misses you. x2
The gnoll bouda barks out a call to the hunt!
The gnoll bouda picks up the pace!
A gnoll bouda comes into view. It is wielding a +0 glaive.
The wolf bites you. The gnoll bouda barely misses you.
You take 3 damage, and have 49/60 hp.
You now have 11/12 mp.
You punch the gnoll bouda!
You kill the gnoll bouda!
Your attacks no longer feel as feeble.
The wolf misses you. The gnoll bouda misses you. The wolf bites you!
The wolf closely misses you.
You take 4 damage, and have 45/60 hp.
You now have 9/12 mp.
The wolf completely misses you.
Things that are here:
a +0 trident; a +0 chain mail; a gnoll corpse You regained 2 hp, and now have 47/60 hp.
You punch the wolf! You bite the wolf! You drain its power.
You feel invigorated.
The wolf is severely wounded.
MP restored: 12 You punch the wolf!
You kill the wolf!
The wolf completely misses you.
The gnoll bouda barks out a call to the hunt!
A gnoll comes into view. It is wielding a +0 trident.
The gnoll shouts!
You regained 2 hp, and now have 50/60 hp.
You closely miss the wolf. You bite the wolf. You drain its power.
The wolf is almost dead.
The wolf barely misses you. The gnoll sergeant closely misses you.
The gnoll throws a throwing net.
The throwing net hits you.
You become entangled in the net!
The gnoll bouda completely misses you. The wolf bites you!
You take 5 damage, and have 45/60 hp.
You now have 11/12 mp.
You are held in a net!
You struggle against the net.
The wolf closely misses you.
The gnoll sergeant hits you with a +0 glaive!
The gnoll bouda barks out a call to the hunt!
The wolf bites you!
You take 15 damage, and have 30/60 hp.
MASSIVE DAMAGE!!
You now have 7/12 mp.
You struggle against the net.
The gnoll sergeant hits you with a +0 glaive!
The wolf bites you.
The gnoll bouda barks out a call to the hunt!
The gnoll barely misses you.
You take 9 damage, and have 21/60 hp.
You now have 5/12 mp.
You struggle against the net.
The wolf stops to sniff the ground.
The wolf bites you but does no damage. The gnoll sergeant closely misses you.
A gnoll bouda comes into view. It is wielding a +0 spear.
The wolf bites you. The gnoll bouda closely misses you.
The gnoll barely misses you.
You take 1 damage, and have 20/60 hp.
You now have 4/12 mp.
You rip the net and break free!
The wolf bites you.
The gnoll sergeant hits you with a +0 glaive!
* * * LOW HITPOINT WARNING * * *
The gnoll bouda misses you. The wolf closely misses you.
You take 8 damage, and have 12/60 hp.
You now have 2/12 mp.
Okay, then.
Unknown command.
The wolf attacks as it pursues you! The wolf closely misses you.
The gnoll sergeant hits you from afar with a +0 glaive!
* * * LOW HITPOINT WARNING * * *
The gnoll barely misses you.
The gnoll bouda hits you with a +0 spear.
You die...
Ru respects your ultimate sacrifice.

♣≈ ##)## ♣≈
##.))## ♣≈
##.)...## ♣≈
#.......# ♣≈
#...ß...#'###
#.......#...#
##...).##g..#
##.).##g...#
##h##.g..ß#
...#gh)#g....#
....g.).gg...#
#...#(..#g..##
#####...#####
......
.........
≈≈≈≈≈≈≈≈≈≈≈
♣♣♣♣♣♣♣♣♣♣♣♣


You could see a gnoll sergeant (swift), a wolf, 3 gnoll boudas and a gnoll
(swift).

Vanquished Creatures
  A boulder beetle (D:8)
  2 two-headed ogres
  Amaemon (D:9)
  Pikel (D:6)
  Maurice (D:9)
  Joseph (D:8)
  An orange demon (D:9)
  Psyche (D:8)
  A troll (D:9)
  A wyvern (D:8)
  10 yaks
  Eustachio (D:3)
  A steam dragon (D:7)
  3 acid dragons
  2 orc warriors
  A sky beast (D:6)
  5 ice beasts
  A black bear (D:5)
  4 ogres
  3 wolves (Bailey)
  A centaur (D:8)
  2 kobold brigands
  2 bullfrogs
  5 gnoll sergeants (Bailey)
  A scorpion (D:6)
  10 wights
  A howler monkey (D:5)
  2 bombardier beetles
  5 hounds
  4 iguanas
  4 orc priests
  5 gnoll boudas
  6 orc wizards
  A sleepcap (D:8)
  12 adders
  25 gnolls
  A shadow imp (D:5)
  3 white imps
  A dart slug (D:4)
  2 ribbon worms
  37 orcs
  8 bats
  6 endoplasms
  2 giant cockroaches
  8 goblins
  4 hobgoblins
  2 jackals
  3 quokkas
  5 ball pythons
  4 frilled lizards
  16 kobolds
  2 rats
232 creatures vanquished.

Vanquished Creatures (others)
  An orc (D:7)
1 creature vanquished.

Grand Total: 233 creatures vanquished

Notes
Turn   | Place    | Note
-------+----------+-------------------------------------------
     0 | D:1      | gimp the Vine Stalker Shapeshifter began the quest for the
                  | Orb.
     0 | D:1      | Reached XP level 1. HP: 9/9 MP: 2/2
    32 | D:1      | Reached skill level 1 in Fighting
   311 | D:1      | Reached XP level 2. HP: 14/14 MP: 3/3
   809 | D:2      | Reached XP level 3. HP: 14/18 MP: 4/4
   953 | D:2      | You fall into a shaft and drop 1 floor!
  1515 | D:3      | Found a faded altar of an unknown god.
  1597 | D:3      | Reached XP level 4. HP: 16/23 MP: 3/5
  1642 | D:3      | Got Sif Muna's Encyclopedia of Bleak Enchantment
  1850 | D:4      | Noticed an ogre
  1860 | D:4      | Killed an ogre
  1861 | D:4      | Reached XP level 5. HP: 26/26 MP: 2/6
  1864 | D:4      | Reached skill level 4 in Unarmed Combat
  1905 | D:4      | Found a broken altar of Ashenzari.
  2051 | D:4      | Noticed Eustachio
  2081 | D:3      | Killed Eustachio
  2082 | D:3      | Reached XP level 6. HP: 21/32 MP: 1/7
  2445 | D:4      | Reached XP level 7. HP: 36/36 MP: 8/8
  2553 | D:4      | Found a staircase to the Ecumenical Temple.
  2571 | Temple   | Entered the Ecumenical Temple
  2583 | Temple   | Became a worshipper of Ru the Awakened
  2785 | D:4      | Found a basalt altar of Yredelemnul.
  2785 | D:4      | Found a bloodstained altar of Trog.
  2788 | D:4      | Found a blossoming altar of Fedhas.
  2789 | D:4      | Found an ornate altar of the Wu Jian Council.
  3092 | D:5      | Entered Level 5 of the Dungeon
  3176 | D:5      | Reached skill level 5 in Unarmed Combat
  3193 | D:5      | Reached skill level 5 in Shapeshifting
  3193 | D:5      | Gained mutation: You have razor-sharp teeth. [Vine Stalker
                  | growth]
  3193 | D:5      | Reached XP level 8. HP: 39/42 MP: 6/9
  3922 | D:6      | Found Dagrid's Book Shoppe.
  3948 | D:6      | Gained mutation: You occasionally shout uncontrollably at
                  | your foes. [Ru sacrifice]
  4053 | D:6      | Reached skill level 6 in Unarmed Combat
  4148 | D:6      | Noticed Pikel
  4159 | D:6      | Killed Pikel
  4160 | D:6      | Reached skill level 5 in Fighting
  4160 | D:6      | Reached skill level 5 in Dodging
  4160 | D:6      | Reached XP level 9. HP: 47/47 MP: 8/10
  4874 | D:6      | Found a glowing silver altar of Zin.
  5383 | D:7      | Reached skill level 7 in Unarmed Combat
  5627 | D:7      | Found Umoabe's General Store.
  5643 | D:7      | Found Detutz's Antique Weapon Boutique.
  5647 | D:7      | Bought a scroll of fog for 56 gold pieces
  5832 | D:8      | Noticed a two-headed ogre
  5839 | D:8      | Killed a two-headed ogre
  5840 | D:8      | Reached XP level 10. HP: 53/53 MP: 11/11
  6139 | D:8      | Reached skill level 8 in Unarmed Combat
  6263 | D:8      | Noticed a boulder beetle
  6282 | D:8      | Killed a boulder beetle
  6564 | D:8      | Noticed Joseph
  6580 | D:8      | Killed Joseph
  6966 | D:9      | Noticed Psyche
  6978 | D:8      | Killed Psyche
  7292 | D:9      | Noticed Maurice
  7315 | D:9      | Maurice stole a storm talisman
  7319 | D:9      | Killed Maurice
  7320 | D:9      | Reached XP level 11. HP: 57/58 MP: 8/12
  7421 | D:8      | Reached skill level 9 in Unarmed Combat
  7656 | D:9      | Noticed Amaemon
  7781 | D:9      | Killed Amaemon
  7958 | D:10     | Entered Level 10 of the Dungeon
  8016 | D:10     | Noticed a two-headed ogre
  8023 | D:10     | Killed a two-headed ogre
  8156 | D:10     | Found a flagged portal.
  8167 | Bailey   | Entered a bailey
  8457 | Bailey   | Identified the +6 long sword of Feral Trial by Ordeal
                  | {venom, rF+ Stlth+}
  8468 | Bailey   | HP: 2/60 [gnoll sergeant/+0 glaive (12)]
  8468 | Bailey   | Slain by a gnoll bouda

Illustrated notes

Levels and vault maps discovered:
D:1:      dpeg_arrival_long_road, layout_basic, st_stairs_2, minmay_octomino_e4
D:2:      layout_loops_ring, serial_forest, infiniplex_forest_corner_1,
          infiniplex_forest_pool, infiniplex_forest_lined_1,
          infiniplex_forest_end_2, infiniplex_forest_end_1,
          infiniplex_forest_lined_room_2
D:3:      layout_rooms, nicolae_ecumenical_lake_church,
          minmay_misc_feat_diagonals
D:4:      layout_loops_corners, minitemple, nicolae_overflow_hidden_temple,
          minmay_temple_entry_grid, nicolae_half_adder, uniq_eustachio
D:5:      layout_basic
D:6:      layout_layer_cave, zin_treasury, serial_shops, shop,
          amethyst_killhole, minmay_starry_boxes, uniq_pikel
D:7:      layout_basic, nicolae_wooded_promenade
D:8:      layout_loops_corners, small_chamber_with_monster, uniq_joseph
D:9:      layout_layer_cave, moated_statue, uniq_amaemon, uniq_maurice,
          uniq_psyche
D:10:     layout_cave_pools, lair_entry_dummy, enter_bailey_3
Temple:   nicolae_temple_superstar
Bailey:   bailey_polearm_gnolls_kennysheep, bailey

Skill      XL: |  1  2  3  4  5  6  7  8  9 10 11 |
---------------+----------------------------------+-----
Fighting       | 1 2 3 5 6 7 8 |  8.3
Dodging        | 2 3 4 5 6 7 |  7.8
Unarmed Combat | 4 5 6 7 8 9 |  9.6
Shapeshifting  | 4 5 6 7 8 |  8.9

Action                     |  1- 3 |  4- 6 |  7- 9 | 10-12 || total
---------------------------+-------+-------+-------+-------++-------
  Melee: Unarmed           |    97 |    71 |   241 |   330 ||   739
         Bite              |    22 |    18 |    90 |   126 ||   256
         Punch             |     1 |     1 |    15 |    27 ||    44
 Invoke: Sacrifice Purity  |       |       |     1 |       ||     1
         Reject Sacrifices |       |       |       |     1 ||     1
  Evoke: Wand              |       |       |     4 |    12 ||    16
    Use: Potion            |       |     2 |       |     2 ||     4
         Scroll            |       |       |     8 |    10 ||    18
   Stab: Sleeping          |     2 |     1 |       |       ||     3
 Armour: Animal skin       |    50 |    20 |       |       ||    70
         Skin              |       |     6 |       |     3 ||     9
         Leather armour    |       |    27 |   115 |   230 ||   372
  Dodge: Dodged            |    44 |    34 |   131 |   320 ||   529
         Form:             |       |       |     1 |     1 ||     2
         Beast             |       |       |     1 |     1 ||     2

Table legend: (Time is in decaauts)
 A = Elapsed time spent in this place.
 B = Non-inter-level travel time spent in this place.
 C = Inter-level travel time spent in this place.
 D = Time resting spent in this place.
 E = Time spent auto-exploring this place.
 F = Levels seen in this place.
 G = Mean time per level.
                   A        B        C        D        E       F      G
               +--------+--------+--------+--------+--------+-----+--------+
         Total |   8379 |   8081 |    298 |    177 |   6036 |  12 |  698.2 |
       Dungeon |   8079 |   7803 |    276 |    169 |   5952 |  10 |  807.9 |
        Temple |     24 |      2 |     22 |      0 |      0 |   1 |   24.0 |
        Bailey |    275 |    275 |      0 |      8 |     84 |   1 |  275.0 |
               +--------+--------+--------+--------+--------+-----+--------+

Top non-repeatable levels by time:
     D:6: 1405 daAuts
     D:8: 1315 daAuts
     D:4: 1135 daAuts
     D:9: 881 daAuts
     D:1: 779 daAuts
     D:2: 673 daAuts
     D:5: 659 daAuts
     D:7: 604 daAuts
     D:3: 470 daAuts
  Bailey: 275 daAuts
    D:10: 155 daAuts
  Temple: 24 daAuts
